Unix NetHack Version 3.7.0-80 Work-in-progress - last build Apr 4 2023 22:38:52 (790859391a0ee7bd3181b412646ad1b7e633ff00,branch:master). Game began 2023-04-03 00:55:05, ended 2023-07-04 12:54:18. 9629, chaotic female orcish Rogue ---- -<.. .... .... .@.- Gd-- 9629 the Footpad St:11 Dx:18 Co:15 In:10 Wi:11 Ch:10 Chaotic Dlvl:3 $:27 HP:0(11) Pw:2(2) AC:7 Xp:1/19 T:798 Latest messages: You are hit by a dagger. What do you want to throw? In what direction? The dart hits the dwarf. What do you want to throw? In what direction? The dart hits the dwarf. What do you want to throw? In what direction? The dart misses the dwarf. You hear an E note squeak in the distance. What do you want to throw? In what direction? The dart misses the dwarf. What do you want to throw? In what direction? The dart misses the dwarf. What do you want to throw? In what direction? The dart hits the dwarf. What do you want to throw? In what direction? The dart misses the dwarf. You see here a dagger. x - a dagger. You hear some noises. What do you want to throw? In what direction? The dagger hits the dwarf. What do you want to throw? In what direction? The orcish dagger hits the dwarf. What do you want to throw? In what direction? The dart hits the gnome king. The gnome king puts on a hooded cloak. What do you want to throw? In what direction? The dart misses the gnome king. What do you want to throw? In what direction? You throw 2 orcish daggers. The 1st orcish dagger misses the gnome king. The 2nd orcish dagger hits the gnome king. You hit the gnome king. You hear an E note squeak in the distance. The gnome king hits! You die... Do you want your possessions identified? [ynq] (y) Do you want to see your attributes? [ynq] (y) Inventory: Coins $ - 27 gold pieces Weapons w - a very corroded +0 dart b - 11 +0 orcish daggers (wielded) Armor c - an uncursed +1 leather armor (being worn) Comestibles g - 2 uncursed food rations l - a cursed food ration h - an uncursed tripe ration Scrolls v - an uncursed scroll of confuse monster p - 2 uncursed scrolls of enchant weapon o - an uncursed scroll of fire n - an uncursed scroll of light q - an uncursed scroll of remove curse Potions t - a cursed potion of levitation s - an uncursed potion of polymorph d - an uncursed potion of sickness r - an uncursed potion of speed Rings u - an uncursed ring of cold resistance Wands j - a blessed wand of lightning (0:4) Tools f - an empty uncursed sack e - an uncursed lock pick 9629 the Rogue's attributes: Background: You were a Footpad, a level 1 female orcish Rogue. You were chaotic, on a mission for Kos who was opposed by Issek (lawful) and Mog (neutral). You were in the Gnomish Mines, on level 3. You entered the dungeon 798 turns ago. There was a full moon in effect when your adventure ended. You had 19 experience points, 1 more was needed to attain level 2. Basics: You had 0 out of 11 hit points. You had both energy points (spell power). Your armor class was 7. Your wallet contained 27 zorkmids. Autopickup was off. Final Characteristics: Your strength was 11 (limit:18/50). Your dexterity was 18 (limit:18). Your constitution was 15 (limit:18). Your intelligence was 10 (limit:16). Your wisdom was 11 (limit:16). Your charisma was 10 (limit:16). Final Status: You were not hungry. You were unencumbered. You were wielding daggers. You had basic skill with dagger. Final Attributes: You were fervently aligned. You were poison resistant. You had infravision. You were stealthy. You were warded. You were lucky. You are dead. Miscellaneous: You never encountered a bones level. Total elapsed playing time was 11 minutes and 44 seconds. Major events: Turn 1: 9629 the chaotic female orcish Rogue entered the dungeon 773: entered the Gnomish Mines 798: killed by a gnome king Vanquished creatures: a dwarf a gnome 2 jackals a kobold 2 goblins 2 sewer rats 2 grid bugs 3 lichens 14 creatures vanquished. No species were genocided or became extinct. Voluntary challenges: You read items or engraved 1 time. You engraved Elbereth 1 time. You never genocided any monsters. You never polymorphed an object. You never changed form. You used no wishes. Achievement: You entered the Gnomish Mines. The Dungeons of Doom: levels 1 to 3 Level 1: Level 2: An altar to Kos, a grave. Stairs down to The Gnomish Mines. Level 3: The Gnomish Mines: Level 3: <- You were here. Final resting place for you, killed by a gnome king. Game over: ---------- / \ / REST \ / IN \ / PEACE \ / \ | 9629 | | 27 Au | | killed by a | | gnome king | | | | | | 2023 | *| * * * | * _________)/\\_//(\/(/\)/\//\/|_)_______ Goodbye 9629 the Rogue... You died in The Gnomish Mines on dungeon level 3 with 211 points, and 27 pieces of gold, after 798 moves. You were level 1 with a maximum of 11 hit points when you died.